 Dungeon Crawl Stone Soup version 0.31.0-12-g77e489cdc1 (webtiles) character file.

Game seed: 17719855912162439760

36 Gadfly the Trooper (level 3, 0/34 HPs)
             Began as a Gargoyle Fighter on Mar 7, 2024.
             Slain by a hobgoblin (3 damage)
             ... led by Robin
             ... on level 2 of the Dungeon.
             The game lasted 00:01:45 (998 turns).

Gadfly the Trooper (Gargoyle Fighter)                Turns: 998, Time: 00:01:45

Health: 0/34       AC: 12    Str: 19    XL:     3   Next: 37%
Magic:  3/3        EV:  9    Int:  8    God:
Gold:   1003       SH:  4    Dex: 11    Spells: 2/2 levels left

rFire   . . .        b - +2 dagger (elec)
rCold   . . .        c - +0 buckler
rNeg    + . .        e - +0 scale mail
rPois   ∞            j - +1 helmet
rElec   +            (no cloak)
rCorr   .            (no gloves)
SInv    .            (no boots)
Will    .....        (no amulet) Stlth
                     (no ring)
HPRegen 0.25/turn    (no ring)
MPRegen 0.08/turn

%: no passive effects
@: berserking, very quick
A: sickness immunity, AC +3, negative energy resistance 1, electricity
resistance, torment resistance 1, petrification resistance
a: no special abilities


You were on level 2 of the Dungeon.
You visited 1 branch of the dungeon, and saw 2 of its levels.

You collected 1003 gold pieces.

Inventory:

Hand Weapons
 a - a +0 flail
 b - a +2 dagger of electrocution (weapon)
Armour
 c - a +0 buckler (worn)
 e - a +0 scale mail (worn)
 j - a +1 helmet (worn)
Scrolls
 f - a scroll of teleportation {unknown}
 h - a scroll of enchant weapon {unknown}
Potions
 d - a potion of might
 g - a potion of berserk rage
 i - a potion of heal wounds {unknown}
 k - a potion of degeneration {unknown}


   Skills:
 + Level 3.5 Fighting
 * Level 2.4 Maces & Flails
 + Level 3.4 Armour
 + Level 3.4 Shields
 * Level 1.2 Invocations
 * Level 1.0 Evocations


You had 2 spell levels left.
You didn't know any spells.
Your spell library contained the following spells:

 Spells                   Type           Power      Damage    Failure   Level
 Apportation              Tloc           0%         N/A       85%         1
 Necrotise                Necr           0%         1d4       85%         1
 Sandblast                Erth           0%         2d4       85%         1
 Sting                    Conj/Alch      0%         1d3       85%         1
 Summon Small Mammal      Summ           0%         N/A       85%         1
 Hailstorm                Conj/Ice       0%         3d5       99%         3
 Passwall                 Erth           0%         N/A       99%         3
 Stone Arrow              Conj/Erth      0%         3d7       99%         3
 Summon Ice Beast         Ice/Summ       0%         N/A       99%         3
 Brom's Barrelling Bould  Conj/Erth      0%         2d3       100%        4
 Sculpt Simulacrum        Ice/Alch       0%         N/A       100%        6


Dungeon Overview and Level Annotations

Branches:
Dungeon (2/15)

Altars:


Innate Abilities, Weirdness & Mutations

You are immune to sickness and miasma.
Your stone body is resilient. (AC +3)
You are immune to poison.
You resist negative energy. (rN+)
You are resistant to electric shocks. (rElec)
You are resistant to unholy torment.
You are immune to petrification.


Message History

You kill the goblin!
The goblin hits you with a +0 club.
* * * LOW HITPOINT WARNING * * *
You have reached level 3!
Your experience leads to an increase in your attributes!
Increase (S)trength, (I)ntelligence, or (D)exterity?
You feel agile. x2
It was a potion of berserk rage.
A red film seems to cover your vision as you go berserk!
You feel yourself moving faster!
You feel mighty! The goblin closely misses you. Robin throws the goblin at you!
You are too berserk!
You barely miss the goblin.
The goblin is heavily wounded.
The goblin closely misses you.
You puncture the goblin! Lightning courses through the goblin!
You kill the goblin!
Robin hits you but does no damage.
You barely miss Robin.
The hobgoblin no longer looks unusually strong.
You hit Robin.
Robin is moderately wounded.
Robin roars a battlecry!
The hobgoblin goes into a battle-frenzy!
You hit Robin.
Robin is heavily wounded.
The goblin no longer looks unusually strong.
Robin's bangles clink loudly.
Robin closely misses you.
You barely miss Robin.
Robin is heavily wounded.
Robin roars a battlecry!
The goblin goes into a battle-frenzy!
You hit Robin.
Robin is severely wounded.
You puncture Robin!
You kill Robin!
Your Evocations skill increases to level 1!
You closely miss the hobgoblin. The hobgoblin hits you.
You die...

#............#.#
#.#.###....#.#....
#.#.# ##...#.#.#.#
#.#.# #.#.#.#....
#.#.# #.#.#.#####
#.#.# #.#.### #g#.#
#.#.# #g#.# #^#.##
#@#.####.#..+
#)#.#......##
#.#.........# #
###.########.#######
#...................
#########......###..
#..+......# ###
#.##......#####
#.##......'....


You could see a hobgoblin (strong) and a goblin (strong).

Vanquished Creatures
  Robin (D:2)
  2 bats
  3 endoplasms
  2 giant cockroaches (D:1)
  4 goblins
  2 hobgoblins
  A quokka (D:1)
  3 ball pythons
  2 frilled lizards (D:1)
  4 kobolds
  A rat (D:2)
25 creatures vanquished.

Notes
Turn   | Place    | Note
-------+----------+-------------------------------------------
     0 | D:1      | Gadfly the Gargoyle Fighter began the quest for the Orb.
     0 | D:1      | Reached XP level 1. HP: 14/14 MP: 1/1
   135 | D:1      | Reached XP level 2. HP: 19/19 MP: 2/2
   620 | D:1      | Identified a scroll of acquirement
   620 | D:1      | Acquired 919 gold pieces
   929 | D:2      | Reached skill level 1 in Invocations
   970 | D:2      | Noticed Robin
   989 | D:2      | Reached XP level 3. HP: 1/23 MP: 3/3
   997 | D:2      | Killed Robin
   998 | D:2      | Reached skill level 1 in Evocations
   998 | D:2      | Slain by a hobgoblin

Illustrated notes

Levels and vault maps discovered:
D:1:      heliophobic_arrival_enchanted_forest, layout_basic,
          corexii_corridor_pit
D:2:      layout_basic, serial_rivers, chequers_serial_rivers_micro_c,
          chequers_serial_rivers_room_b, chequers_serial_rivers_room_b,
          chequers_serial_rivers_micro_c, chequers_serial_rivers_micro_a,
          uniq_robin

Skill      XL: |  1  2  3 |
---------------+----------+-----
Invocations    | 1 |  1.2
Evocations     | 1 |  1.0
Fighting       | |  3.5
Maces & Flails | |  2.4
Armour         | |  3.4
Shields        | |  3.4

Action                     || total
---------------------------++-------
  Melee: Flail             ||    43
         Dagger            ||    47
    Use: Scroll            ||     3
         Potion            ||     1
 Armour: Scale mail        ||    66
  Dodge: Dodged            ||    38
  Block: Buckler           ||    20
